 Dungeon Crawl Stone Soup version 0.24-a0-271-ga0fc33f (webtiles) character file.

Game seed: 6754358329026075060

382 tilp the Zephyrmancer (level 6, -3/32 HPs)
             Began as a Tengu Air Elementalist on Apr 23, 2019.
             Slain by a centaur zombie (5 damage)
             ... on level 5 of the Dungeon.
             The game lasted 00:16:57 (4436 turns).

tilp the Zephyrmancer (Tengu Air Elementalist)      Turns: 4436, Time: 00:16:58

Health: -3/32      AC:  4    Str:  8    XL:     6   Next: 76%
Magic:  0/11       EV: 18    Int: 18    God:
Gold:   165        SH:  0    Dex: 19    Spells: 4/10 levels left

rFire    . . .     SeeInvis .   k - +1 dagger (venom)
rCold    . . .     Gourm    .   (no shield)
rNeg     . . .     Faith    .   p - +2 robe {MR+}
rPois    .         Spirit   .   (helmet restricted)
rElec    .         Reflect  .   (no cloak)
rCorr    .         Harm     .   (no gloves)
MR       +....                  (boots unavailable)
Stlth    ++++......             (no amulet)
HPRegen  0.10/turn              g - ring of wizardry
MPRegen  0.12/turn              (no ring)

@: agile, swift, quick
A: beak, talons 3, able to fly
a: Fly


You were on level 5 of the Dungeon.
You were hungry.

You visited 1 branch of the dungeon, and saw 5 of its levels.

You collected 165 gold pieces.

Inventory:

Hand Weapons
 k - a +1 dagger of venom (weapon)
 l - a +0 hunting sling
Missiles
 b - 82 stones (quivered)
 f - 44 sling bullets
 r - 5 tomahawks
Armour
 o - a +0 leather armour
 p - a +2 robe of magic resistance (worn)
Jewellery
 g - a ring of wizardry (left hand)
Wands
 j - a wand of polymorph (4)
Scrolls
 a - 5 scrolls of identify
 d - a scroll of enchant armour
 e - a scroll of random uselessness {unknown}
 h - a scroll of teleportation
Comestibles
 c - 8 rations


   Skills:
 - Level 2.1 Dodging
 + Level 3.0 Stealth
 + Level 2.7 Spellcasting
 - Level 1.3 Conjurations
 - Level 8.8 Air Magic


You had 4 spell levels left.
You knew the following spells:

 Your Spells              Type           Power        Failure   Level  Hunger
a - Shock                 Conj/Air       ###.         1%          1    #......
b - Swiftness             Chrm/Air       ###.....     1%          2    ##.....
c - Static Discharge      Conj/Air       ###.....     2%          3    ###....

Your spell library contained the following spells:

 Spells                   Type           Power        Failure   Level  Hunger
 Airstrike                Air            ####......   1%          4    #####..
 Lightning Bolt           Conj/Air       ###.......   22%         5    ######.


Dungeon Overview and Level Annotations

Branches:
Dungeon (5/15)
 Temple: D:4-7

Altars:

Annotations:
D:3 Sigmund
D:4 Ijyb, Menkaure
D:5 exclusion: ogre


Innate Abilities, Weirdness & Mutations

You have a beak for a mouth.
You have claws for feet.
You can fly continuously.


Message History

The zap hits the centaur zombie!
The centaur zombie is almost destroyed.
The zap hits the worker ant.
You kill the worker ant!
Your Stealth skill increases to level 3!
The centaur zombie hits you.
* * * LOW HITPOINT WARNING * * *
The centaur zombie hits you.
* * * LOW HITPOINT WARNING * * *
Unknown command.
You feel agile all of a sudden. The centaur zombie barely misses you.
The centaur zombie closely misses you. The centaur zombie barely misses you.
The centaur zombie closely misses you.
There is an open door here.
Casting: Shock (safe; 1% risk of failure)
Confirm with . or Enter, or press ? or * to list all spells.
You feel quick. The centaur zombie hits you.
You die... ♣ #.......... ♣♣. #.......... ♣♣.♣♣ #....(..... ♣♣PP.♣ #.......... ♣.PPP

#.......... #+..+#
#..........
#....###...#.#+###
#######...#....#.......
#........@##..<......## #
#........Z+....#.....##.≈
#.........####.#.#.#.#b
...######........#...## .
###'####+###...###
#................#
#..........##.......
#..........# ......#
#..........# O>†...#


You could see a centaur zombie.

Vanquished Creatures
  A phantom (D:3)
  A centaur skeleton (D:5)
  A centaur zombie (D:5)
  An orc priest (D:4)
  A worker ant (D:5)
  2 orc wizards
  4 adders
  A worm (D:1)
  2 dart slugs
  A leopard gecko (D:1)
  13 orcs
  6 bats
  5 giant cockroaches
  7 goblins
  5 hobgoblins
  4 jackals (D:1)
  2 quokkas
  6 frilled lizards
  6 kobolds
  A leopard gecko skeleton (D:5)
  5 rats
75 creatures vanquished.

Notes
Turn   | Place    | Note
-------+----------+-------------------------------------------
     0 | D:1      | tilp the Tengu Air Elementalist began the quest for the
                  | Orb.
     0 | D:1      | Reached XP level 1. HP: 10/10 MP: 4/4
   465 | D:1      | Reached XP level 2. HP: 15/15 MP: 3/6
   608 | D:1      | Reached skill level 5 in Air Magic
  1073 | D:1      | Learned a level 2 spell: Swiftness
  1113 | D:1      | Reached XP level 3. HP: 19/19 MP: 1/7
  1671 | D:2      | Found a faded altar of an unknown god.
  1703 | D:2      | Learned a level 3 spell: Static Discharge
  1799 | D:3      | Reached skill level 6 in Air Magic
  2174 | D:3      | Reached XP level 4. HP: 18/24 MP: 3/8
  2432 | D:3      | Reached skill level 7 in Air Magic
  2700 | D:3      | Noticed Sigmund
  3178 | D:4      | Noticed Menkaure
  3179 | D:4      | Noticed Ijyb
  3211 | D:4      | Gained mutation: You can fly continuously. [Tengu growth]
  3211 | D:4      | Reached XP level 5. HP: 28/28 MP: 2/9
  3570 | D:4      | Noticed a phantom
  3747 | D:3      | Killed a phantom
  3747 | D:3      | Reached skill level 8 in Air Magic
  3747 | D:3      | Reached XP level 6. HP: 21/32 MP: 3/10
  4110 | D:5      | Entered Level 5 of the Dungeon
  4423 | D:5      | HP: 1/32 [centaur zombie (5)]
  4436 | D:5      | Slain by a centaur zombie

Levels and vault maps discovered:
D:1:      matt_arrival_refuge, layout_loops_ring
D:2:      layout_rooms, chequers_ecumenical_altar_lobes
D:3:      minmay_razor_zed, layout_loops_cross, ebering_ghost_reflecting_pool,
          uniq_sigmund
D:4:      layout_rooms, serial_shops, shop, first_ration, uniq_menkaure,
          uniq_ijyb
D:5:      layout_basic, serial_aquarium, aquarium_bridge_square
          [aquarium_subvault_wall, aquarium_subvault_wall,
          aquarium_subvault_bridge, aquarium_subvault_wall], aquarium_window_1,
          aquarium_window_corner, aquarium_window_fake, aquarium_view_2g,
          aquarium_pool_double, st_stairs_4, uniq_crazy_yiuf_cottage

Skill      XL: |  1  2  3  4  5  6 |
---------------+-------------------+-----
Air Magic      | 5 6 7 8 |  8.8
Stealth        | 3 |  3.0
Dodging        | |  2.1
Spellcasting   | |  2.7
Conjurations   | |  1.3

Action                   |  1- 3 |  4- 6 || total
-------------------------+-------+-------++-------
Melee: Dagger            |    40 |    70 ||   110
       Kick              |     9 |    12 ||    21
       Peck              |     4 |    11 ||    15
       Unarmed           |     1 |       ||     1
Throw: Stone             |     2 |     1 ||     3
 Cast: Shock             |    47 |    56 ||   103
       Static Discharge  |       |     5 ||     5
       Swiftness         |       |     3 ||     3
  Use: Scroll            |     3 |     8 ||    11
       Potion            |       |     4 ||     4
 Stab: Sleeping          |     2 |     1 ||     3
  Eat: Chunk             |     5 |     4 ||     9
       Ration            |       |     1 ||     1
Armor: Robe              |    12 |    19 ||    31
       Skin              |       |     1 ||     1
Dodge: Dodged            |    38 |    79 ||   117

Table legend:
 A = Non-vault XP
 B = Vault XP
 C = Vault XP percentage of total XP
 D = Non-vault monster count
 E = Vault monster count
 F = Vault count percentage of total count
                 A         B        C        D         E       F
            +---------+---------+-------+---------+---------+-------
      Total |     527 |      19 |   3.5 |      72 |       3 |   4.0
            +---------+---------+-------+---------+---------+-------
        D:1 |      37 |       0 |   0.0 |      18 |       0 |   0.0
        D:2 |      36 |       0 |   0.0 |      16 |       0 |   0.0
        D:3 |     206 |      19 |   8.4 |      23 |       3 |  11.5
        D:4 |     107 |       0 |   0.0 |       9 |       0 |   0.0
        D:5 |     141 |       0 |   0.0 |       6 |       0 |   0.0
            +---------+---------+-------+---------+---------+-------
